 Dungeon Crawl Stone Soup version 0.19-a0-1128-gc4a0c12 (webtiles) character file.

100 Jmtri7 the Skirmisher (level 4, -3/38 HPs)
             Began as a Demonspawn Gladiator on Aug 12, 2016.
             Slain by Sigmund
             ... wielding a +2 antimagic scythe
              (8 damage)
             ... on level 2 of the Dungeon.
             The game lasted 00:04:17 (1070 turns).

Jmtri7 the Skirmisher (Demonspawn Gladiator)        Turns: 1070, Time: 00:04:18

Health: -3/38      AC:  5    Str: 16    XL:     4   Next: 47%
Magic:  1/4        EV: 12    Int: 10    God:
Gold:   123        SH:  0    Dex: 13    Spells: 0 memorised, 3 levels left

rFire  . . .     SeeInvis .     a - +0 long sword
rCold  . . .     Gourm    .     b - +0 leather armour
rNeg   . . .     Faith    .     (no shield)
rPois  .         Spirit   .     l - +0 helmet
rElec  .         Dismiss  .     (no cloak)
rCorr  .         Reflect  .     (no gloves)
SustAt .         Harm     .     e - +0 pair of boots
MR     .....                    (no amulet)
Stlth  +.........               (no ring)
                                (no ring)

@: confused
A: powered by death 1
a: no special abilities


You were on level 2 of the Dungeon.
You were not hungry.

You visited 1 branch of the dungeon, and saw 2 of its levels.

You collected 123 gold pieces.

Inventory:

Hand Weapons
 a - a +0 long sword (weapon)
Missiles
 d - 3 throwing nets (quivered)
Armour
 b - a +0 leather armour (worn)
 e - a +0 pair of boots (worn)
 l - a +0 helmet (worn)
Scrolls
 h - a scroll of random uselessness {unknown}
 i - 4 scrolls of immolation {unknown}
 j - 3 scrolls of identify {unknown}
 k - a scroll of amnesia {unknown}
 p - a scroll of blinking {unknown}
 q - a scroll of remove curse {unknown}
Potions
 n - 2 potions of curing
 o - a potion of haste
Comestibles
 f - 2 bread rations
 g - 25 chunks of flesh
 m - a meat ration
 r - a beef jerky


   Skills:
 + Level 4.8 Fighting
 - Level 2.6 Long Blades
 - Level 1.7 Throwing
 - Level 2.6 Dodging


You had 3 spell levels left.
You didn't know any spells.

Dungeon Overview and Level Annotations

Branches:
Dungeon (2/15)

Altars:

Annotations:
D:2 Sigmund


Innate Abilities, Weirdness & Mutations

You regenerate a little health from kills.


Message History

You see here a +0 helmet.
You bump into the rock wall.
Sigmund gestures at you while chanting. The puff of flame hits you!
You bump into the rock wall.
Sigmund closely misses you. Sigmund barely misses you.
You see here a +0 helmet.
You bump into the rock wall.
You feel less confused.
Sigmund hits you with an antimagic scythe!
* * * LOW HITPOINT WARNING * * *
You hit Sigmund but do no damage.
Sigmund is moderately wounded.
Sigmund points at you and mumbles some strange words.
You are confused.
You hit Sigmund but do no damage.
Sigmund is moderately wounded.
Sigmund hits you with an antimagic scythe!
You die...

#....###.###........
#..............#......(
.##.................(....
.........#.......#.#)...(
#.................[.....
##....................(..
.........#.......##...#..
.........#...............
.......@@[.........##....
.>......######..#.###.(..
........) ..#####.###(...
........###.#####......#.
......#.. #.##....##.....
......##.##.......##..##.
...............###.......
......#.......##...##..#.
####...............


You could see Sigmund.

Vanquished Creatures
  Robin (D:2)
  2 adders (D:2)
  3 dart slugs
  4 giant geckos
  8 bats
  A giant cockroach (D:1)
  10 hobgoblins
  5 jackals
  7 kobolds
  10 goblins
  7 rats
58 creatures vanquished.

Notes
Turn   | Place    | Note
-------+----------+-------------------------------------------
     0 | D:1      | Jmtri7 the Demonspawn Gladiator began the quest for the Orb.
     0 | D:1      | Reached XP level 1. HP: 16/16 MP: 1/1
    64 | D:1      | Gained mutation: You regenerate a little health from kills. [demonic ancestry]
    64 | D:1      | Reached XP level 2. HP: 20/23 MP: 2/2
   143 | D:1      | Reached skill level 3 in Fighting
   347 | D:1      | Reached XP level 3. HP: 29/29 MP: 3/3
   836 | D:2      | Noticed Robin
   845 | D:2      | Reached skill level 4 in Fighting
   861 | D:2      | Killed Robin
   862 | D:2      | Reached XP level 4. HP: 28/37 MP: 4/4
  1055 | D:2      | Noticed Sigmund
  1070 | D:2      | Slain by Sigmund

Vault maps used:
D:1:      lemuel_arrival_river_bridge, kennysheep_pointless_box, st_stairs_6
D:2:      uniq_robin, uniq_crazy_yiuf_cottage, uniq_sigmund

Skill      XL: |  1  2  3 |
---------------+----------+-----
Fighting       | 3 4 |  4.8
Long Blades    | |  2.6
Throwing       | |  1.7
Dodging        | |  2.6

Action                   |  1- 3 |  4- 6 || total
-------------------------+-------+-------++-------
Melee: Long sword        |   144 |    58 ||   202
  Use: Potion            |     4 |       ||     4
 Stab: Sleeping          |     1 |       ||     1
  Eat: Chunk             |       |     1 ||     1
Armor: Leather armour    |    57 |    26 ||    83
Dodge: Dodged            |   131 |    36 ||   167
